 Dungeon Crawl Stone Soup version 0.20-a0-550-gf70bbbc (webtiles) character file.

3091 krabocopter the Carver (level 9, -15/75 HPs)
             Began as a Demonspawn Berserker on Feb 2, 2017.
             Was an Elder of Trog.
             Demolished by a cyan ugly thing (16 damage)
             ... on level 7 of the Dungeon.
             The game lasted 00:22:56 (5971 turns).

krabocopter the Carver (Demonspawn Berserker)       Turns: 5971, Time: 00:22:57

Health: -15/75     AC:  7    Str: 18    XL:     9   Next: 59%
Magic:  9/9        EV: 15    Int:  8    God:    Trog [****..]
Gold:   384        SH:  0    Dex: 19    Spells: 8/8 levels left

rFire    . . .     SeeInvis .   a - +0 falchion
rCold    . . .     Gourm    .   v - +0 leather armour
rNeg     . . .     Faith    .   (no shield)
rPois    .         Spirit   .   (no helmet)
rElec    .         Reflect  .   (no cloak)
rCorr    .         Harm     .   e - +1 pair of gloves
MR       ++...                  (no boots)
Stlth    +.........             j - amulet of magic regeneration
Regen    1.3/turn               f - +3 ring of dexterity
                                D - +3 ring of evasion

@: regenerating
A: icy blue scales 1, demonic guardian 1, powered by death 2
a: Berserk, Trog's Hand, Brothers in Arms, Burn Spellbooks, Renounce Religion


You were on level 7 of the Dungeon.
You worshipped Trog.
Trog was greatly pleased with you.
You were not hungry.

You visited 1 branch of the dungeon, and saw 7 of its levels.
You also visited: Sewer.

You collected 384 gold pieces.

Inventory:

Hand Weapons
 a - a +0 falchion (weapon)
Armour
 e - a +1 pair of gloves (worn)
 v - a +0 leather armour (worn)
 A - a +2 shield
Jewellery
 f - a +3 ring of dexterity (right hand)
 j - an amulet of magic regeneration (around neck)
 o - an uncursed ring of stealth
 s - an uncursed ring of resist corrosion
 D - a +3 ring of evasion (left hand)
Wands
 w - a wand of digging (12/24)
Scrolls
 g - a scroll of recharging {unknown}
 h - 3 scrolls of teleportation
 l - 4 scrolls of remove curse
 p - a scroll of magic mapping {unknown}
 r - a scroll of identify
 u - a scroll of fear {unknown}
 x - a scroll of fog {unknown}
 y - 2 scrolls of amnesia {unknown}
 B - a scroll of enchant weapon {unknown}
 C - 2 scrolls of random uselessness {unknown}
 G - a scroll of blinking
Potions
 b - a potion of heal wounds {unknown}
 d - 2 potions of agility
 i - a potion of degeneration {unknown}
 n - a potion of flight {unknown}
 q - 3 potions of magic
 z - a potion of brilliance {unknown}
 E - a potion of lignification {unknown}
 F - a potion of cure mutation {unknown}
 H - a potion of ambrosia
Comestibles
 c - 5 bread rations
 k - 7 royal jellies
 m - 2 fruits
 t - 4 meat rations
 I - 2 chunks of flesh


   Skills:
 + Level 8.4 Fighting
 * Level 10.4 Long Blades
 - Level 1.7 Armour
 - Level 1.7 Dodging


You had 8 spell levels left.
You didn't know any spells.

Dungeon Overview and Level Annotations

Branches:
Dungeon (7/15)             Temple (0/1) D:7

Altars:
Ashenzari
Dithmenos
Elyvilon
Gozag


Innate Abilities, Weirdness & Mutations

You are partially covered in icy blue scales. (AC +2)
A weak demonic guardian rushes to your aid.
You regenerate health from kills.


Message History

Your quasit closely misses the cyan ugly thing.
Your quasit claws the cyan ugly thing but does no damage.
The cyan ugly thing kicks you but does no damage.
You barely miss the cyan ugly thing.
The cyan ugly thing is severely wounded.
Your quasit bites the cyan ugly thing but does no damage.
Your quasit claws the cyan ugly thing.
Your quasit misses the cyan ugly thing. The cyan ugly thing kicks you!
The cyan ugly thing shocks you!
* * * LOW HITPOINT WARNING * * *
You hit the cyan ugly thing but do no damage.
The cyan ugly thing is almost dead.
Your quasit barely misses the cyan ugly thing.
Your quasit completely misses the cyan ugly thing.
Your quasit closely misses the cyan ugly thing.
You hit the cyan ugly thing but do no damage.
The cyan ugly thing is almost dead.
The cyan ugly thing kicks you!
* * * LOW HITPOINT WARNING * * *
The cyan ugly thing shocks you!
You die...

#.# #.## ...# #..# ...# ##.#
##### ##### #.# ##...###...##
#.# ##.5#..#..#..## #.#
##.5@##...##...## #.#######
#...u###.###....#
##....>..####.###. #.##.###.#
....####.##....###.#.#.###..#
###.####.##.....####.####..##
# #.##..............⌠.....##
###.##.#.##.....####.####..##
##.#.#.#.##....###.#.#.###..#
#§###....##...###.##.##.###.#


You could see a cyan ugly thing, a friendly quasit and a friendly ufetubus.

Vanquished Creatures
  The ghost of Rhoefr the Covert, a novice OpMo of Ru (D:7)
  A human (D:7)
  2 hogs (D:7)
  Menkaure (D:7)
  A black bear (D:6)
  A phantom (D:5)
  2 ogres
  3 centaurs
  4 bullfrogs
  2 crimson imps (D:7)
  4 hounds
  A quasit (D:7)
  2 jellies
  8 orc priests
  4 orc wizards
  An iguana (D:4)
  Jessica (D:2)
  Terence (D:3)
  6 worker ants
  A hound zombie (D:6)
  A hound skeleton (D:7)
  Robin (D:2)
  2 howler monkey zombies
  7 gnolls
  11 adders
  An ooze (D:2)
  An adder zombie (D:5)
  2 worms
  7 leopard geckos
  25 orcs
  11 bats
  13 giant cockroaches
  17 goblins
  4 hobgoblins (D:2)
  8 jackals
  2 quokkas
  6 ball pythons
  10 frilled lizards
  5 kobolds
  A quokka skeleton (D:7)
  7 rats
189 creatures vanquished.

Vanquished Creatures (collateral kills)
  2 hogs (D:7)
  2 orc wizards (D:6)
  An orc (D:6)
5 creatures vanquished.

Grand Total: 194 creatures vanquished

Notes
Turn   | Place    | Note
-------+----------+-------------------------------------------
     0 | D:1      | krabocopter the Demonspawn Berserker began the quest for the Orb.
     0 | D:1      | Reached XP level 1. HP: 18/18 MP: 1/1
   229 | D:1      | Reached skill level 3 in Long Blades
   231 | D:1      | Gained mutation: You regenerate a little health from kills. [demonic ancestry]
   231 | D:1      | Reached XP level 2. HP: 6/24 MP: 2/2
  1356 | D:2      | Gained mutation: You are partially covered in icy blue scales. (AC +2) [demonic ancestry]
  1356 | D:2      | Reached XP level 3. HP: 17/29 MP: 3/3
  1410 | D:2      | Found a shattered altar of Ashenzari.
  1412 | D:2      | Noticed Jessica
  1542 | D:2      | Noticed Robin
  1548 | D:2      | Killed Robin
  1553 | D:2      | Gained mutation: You regenerate health from kills. [demonic ancestry]
  1553 | D:2      | Reached XP level 4. HP: 36/37 MP: 4/4
  1562 | D:2      | Reached skill level 4 in Long Blades
  1664 | D:2      | Reached ** piety under Trog
  1994 | D:2      | Killed Jessica
  2181 | D:3      | Reached XP level 5. HP: 37/42 MP: 5/5
  2362 | D:3      | Noticed Terence
  2367 | D:3      | Reached skill level 5 in Long Blades
  2390 | D:3      | Killed Terence
  2534 | D:3      | Reached XP level 6. HP: 49/49 MP: 6/6
  2703 | D:4      | Found an opulent altar of Gozag.
  2735 | D:4      | Reached skill level 5 in Fighting
  2756 | D:4      | Reached *** piety under Trog
  3105 | D:4      | Reached skill level 6 in Long Blades
  3105 | D:4      | Reached XP level 7. HP: 40/56 MP: 7/7
  3391 | D:5      | Entered Level 5 of the Dungeon
  3852 | D:5      | Reached skill level 7 in Long Blades
  4012 | D:5      | Found a glowing drain.
  4025 | Sewer    | Entered a sewer
  4175 | Sewer    | Reached **** piety under Trog
  4285 | Sewer    | Gained mutation: A weak demonic guardian rushes to your aid. [demonic ancestry]
  4285 | Sewer    | Reached XP level 8. HP: 65/65 MP: 8/8
  4541 | D:6      | Reached skill level 8 in Long Blades
  4625 | D:6      | Found a shadowy altar of Dithmenos.
  4862 | D:6      | Found a white marble altar of Elyvilon.
  4928 | D:6      | Reached skill level 9 in Long Blades
  5582 | D:7      | Noticed Menkaure
  5593 | D:7      | Killed Menkaure
  5593 | D:7      | Reached XP level 9. HP: 66/72 MP: 9/9
  5763 | D:7      | Found a staircase to the Ecumenical Temple.
  5787 | D:7      | Noticed Rhoefr's ghost (novice OpMo)
  5806 | D:7      | Killed Rhoefr's ghost
  5806 | D:7      | Reached skill level 10 in Long Blades
  5950 | D:7      | Noticed a cyan ugly thing
  5971 | D:7      | HP: 1/75 [cyan ugly thing (14)]
  5971 | D:7      | Demolished by a cyan ugly thing

Vault maps used:
D:1:      kilobyte_arrival_exit_the_forest
D:2:      nicolae_ashenzari_panopticon, uniq_jessica, uniq_robin
D:3:      hex_tiny, uniq_terence
D:4:      grunt_gozag_statues, first_bread
D:5:      portal_sewer_entry_e, lemuel_statue_altar
D:6:      nicolae_overflow_crystal_walls,
          nicolae_dithmenos_through_a_glass_darkly, serial_curves,
          eino_curves_03, eino_curves_02, eino_curves_04,
          kennysheep_small_square
D:7:      old_forge, temple_green, grunt_livestock, corexii_corridor_pit,
          kb_rosetta, uniq_menkaure
Sewer:    sewer_frog_island_01

Skill      XL: |  1  2  3  4  5  6  7  8  9 |
---------------+----------------------------+-----
Long Blades    | 3 4 5 6 7 9 10 | 10.4
Fighting       | 4 5 6 7 8 |  8.4
Armour         | |  1.7
Dodging        | |  1.7

Action                   |  1- 3 |  4- 6 |  7- 9 || total
-------------------------+-------+-------+-------++-------
Melee: Falchion          |    72 |   221 |   396 ||   689
Invok: Berserk           |     1 |     4 |     8 ||    13
       Trog's Hand       |       |     1 |     2 ||     3
  Use: Scroll            |       |     1 |     6 ||     7
 Stab: Sleeping          |     4 |     1 |     3 ||     8
       Distracted        |       |       |     6 ||     6
  Eat: Chunk             |     2 |    10 |    18 ||    30
Armor: Animal skin       |    25 |    36 |       ||    61
       Leather armour    |       |    45 |   109 ||   154
Dodge: Dodged            |    51 |   187 |   359 ||   597
Block: Shield            |       |    13 |     2 ||    15
       Rpst.: Falchion   |    17 |    68 |   119 ||   204
